 Dungeon Crawl Stone Soup version 0.19.1 (webtiles) character file.

1503 Mefis the Thaumaturge (level 8, -2/41 HPs)
             Began as a Deep Elf Wizard on Dec 14, 2016.
             Slain by an ice beast (19 damage)
             ... on level 6 of the Dungeon.
             The game lasted 00:15:08 (7965 turns).

Mefis the Thaumaturge (Deep Elf Wizard)             Turns: 7965, Time: 00:15:09

Health: -2/41      AC:  2    Str:  4    XL:     8   Next: 52%
Magic:  15/22      EV: 14    Int: 26    God:
Gold:   211        SH:  0    Dex: 13    Spells: 7 memorised, 8 levels left

rFire  + + .     SeeInvis .     a - +4 dagger
rCold  x . .     Gourm    .     j - +0 robe
rNeg   . . .     Faith    .     (no shield)
rPois  .         Spirit   .     h - +0 hat
rElec  .         Reflect  .     (no cloak)
rCorr  .         Harm     .     (no gloves)
MR     .....                    (no boots)
Stlth  +++.......               (no amulet)
                                C - ring of fire
                                t - ring of protection from fire

@: no status effects
A: no striking features
a: no special abilities


You were on level 6 of the Dungeon.
You were very hungry.

You visited 1 branch of the dungeon, and saw 6 of its levels.
You also visited: Sewer.

You collected 211 gold pieces.

Inventory:

Hand Weapons
 a - a +4 dagger (weapon)
 b - a +1 trident of venom
 y - a +0 hunting sling
Missiles
 q - 12 poisoned needles
Armour
 h - a +0 hat (worn)
 j - a +0 robe (worn)
 l - a cursed +0 buckler
Jewellery
 t - a ring of protection from fire (left hand)
 C - a ring of fire (right hand)
Scrolls
 e - a scroll of magic mapping
 i - a scroll of enchant weapon
 k - 2 scrolls of recharging
 m - a scroll of amnesia
 n - a scroll of noise
 s - 2 scrolls of blinking
 u - a scroll of enchant armour
 v - a scroll of teleportation
 A - a scroll of immolation
 F - a scroll of random uselessness {unknown}
Potions
 g - 2 potions of lignification
 p - a potion of ambrosia
 r - 3 potions of magic {unknown}
 w - a potion of haste {unknown}
 x - 2 potions of curing {unknown}
 z - a potion of invisibility {unknown}
 D - 2 potions of degeneration {unknown}
 G - a potion of heal wounds {unknown}
Books
 c - a book of Minor Magic

   Spells                             Type                      Level
   a - Magic Dart                     Conjuration                  1
   b - Blink                          Translocation                2
   c - Call Imp                       Summoning                    2
   d - Repel Missiles                 Charms/Air                   2
   e - Slow                           Hexes                        2
   f - Conjure Flame                  Conjuration/Fire             3
   g - Mephitic Cloud                 Conjuration/Poison/Air       3
Comestibles
 d - 3 bread rations
 f - 2 fruits
 o - a beef jerky
 B - 2 meat rations
 E - a slice of pizza


   Skills:
 + Level 4.7 Dodging
 + Level 5.5 Stealth
 + Level 1.2 Shields
 * Level 8.1 Spellcasting
 + Level 4.0 Conjurations
 + Level 3.4 Hexes
 + Level 2.1 Summonings
 + Level 2.2 Translocations
 + Level 3.5 Air Magic
 + Level 3.5 Poison Magic


You had 8 spell levels left.
You knew the following spells:

 Your Spells              Type           Power        Failure   Level  Hunger
a - Magic Dart            Conj           ####         1%          1    None
b - Call Imp              Summ           ###.....     3%          2    None
c - Blink                 Tloc           N/A          3%          2    None
d - Repel Missiles        Chrm/Air       ###...       4%          2    None
e - Mephitic Cloud        Conj/Pois/Air  ####....     4%          3    None
f - Conjure Flame         Conj/Fire      ####....     10%         3    None
g - Slow                  Hex            ####....     2%          2    None


Dungeon Overview and Level Annotations

Branches:
Dungeon (6/15)
 Temple: D:4-7

Altars:
Ru

Annotations:
D:4 Grinder


Message History

Aim: an ice beast (heavily wounded)
The magic dart hits the ice beast.
The ice beast is severely wounded.
Casting: Magic Dart
Confirm with . or Enter, or press ? or * to list all spells.
Aiming: Magic Dart
Press: ? - help, Shift-Dir - straight line, f/p - ice beast
Aim: an ice beast (severely wounded)
The magic dart hits the ice beast.
The ice beast is almost dead.
The ice beast hits you. The ice beast freezes you!!
You feel a terrible chill!
Casting: Magic Dart
Confirm with . or Enter, or press ? or * to list all spells.
Aiming: Magic Dart
Press: ? - help, Shift-Dir - straight line, f/p - ice beast
Aim: an ice beast (almost dead)
The magic dart hits the ice beast.
The ice beast is almost dead.
The ice beast hits you. The ice beast freezes you!!
You feel a terrible chill!
You die...

#. #.........#
+..#.........#
#..#.........#
#..#.[.......
#............
#####......####
............#
######...<..#
#..@...#
#..Y...#
#......#
#......#
#......#
#......#
#..%...#
......?#


You could see an ice beast.

Vanquished Creatures
  Sigmund (D:4)
  2 ice beasts (D:5)
  3 ogres
  A howler monkey (D:4)
  2 crimson imps (D:5)
  A quasit (D:5)
  A hound (D:4)
  An orc priest (D:3)
  A bullfrog zombie (D:5)
  An orc wizard (D:3)
  Jessica (D:3)
  A worker ant (D:4)
  21 adders
  8 oozes
  4 worms
  A dart slug (D:2)
  12 leopard geckos
  19 orcs
  9 ball pythons (Sewer)
  15 giant cockroaches
  14 goblins
  19 hobgoblins
  7 jackals
  4 quokkas
  A ball python skeleton (D:3)
  13 bats
  18 frilled lizards
  8 kobolds
  A quokka skeleton (D:5)
  7 rats
197 creatures vanquished.

Vanquished Creatures (collateral kills)
  Menkaure (D:4)
  2 bullfrogs (Sewer)
  2 orcs
  2 frilled lizards
7 creatures vanquished.

Vanquished Creatures (others)
  An orc priest (D:3)
1 creature vanquished.

Grand Total: 205 creatures vanquished

Notes
Turn   | Place    | Note
-------+----------+-------------------------------------------
     0 | D:1      | Mefis the Deep Elf Wizard began the quest for the Orb.
     0 | D:1      | Reached XP level 1. HP: 10/10 MP: 7/7
   173 | D:1      | Reached XP level 2. HP: 15/15 MP: 0/9
   181 | D:1      | Learned a level 2 spell: Call Imp
   184 | D:1      | Learned a level 2 spell: Blink
   187 | D:1      | Learned a level 2 spell: Repel Missiles
   951 | D:1      | Reached XP level 3. HP: 19/19 MP: 0/11
   956 | D:1      | Learned a level 3 spell: Mephitic Cloud
  1181 | D:1      | Reached skill level 5 in Spellcasting
  1383 | D:2      | Reached skill level 1 in Air Magic
  1626 | D:2      | Reached XP level 4. HP: 13/24 MP: 4/13
  1631 | D:2      | Learned a level 3 spell: Conjure Flame
  2219 | D:2      | Reached skill level 1 in Poison Magic
  2622 | D:3      | Found a glowing drain.
  2631 | D:3      | Reached XP level 5. HP: 23/28 MP: 1/15
  2726 | Sewer    | Entered a sewer
  3411 | Sewer    | Reached skill level 6 in Spellcasting
  3758 | Sewer    | Reached XP level 6. HP: 31/32 MP: 7/17
  3815 | Sewer    | Learned a level 2 spell: Slow
  4079 | D:3      | Reached skill level 1 in Hexes
  4275 | D:3      | Found a sacrificial altar of Ru.
  4567 | D:3      | Noticed Jessica
  4572 | D:3      | Killed Jessica
  5218 | D:4      | Reached XP level 7. HP: 36/36 MP: 19/19
  5286 | D:4      | Noticed Menkaure
  5299 | D:4      | Killed Menkaure
  5299 | D:4      | Reached skill level 7 in Spellcasting
  5532 | D:4      | Noticed Grinder
  5762 | D:4      | Paralysed by Grinder for 3 turns
  5854 | D:4      | Noticed Sigmund
  5998 | D:4      | Killed Sigmund
  6644 | D:5      | Entered Level 5 of the Dungeon
  6652 | D:5      | Reached XP level 8. HP: 41/41 MP: 18/21
  6721 | D:5      | Reached skill level 5 in Stealth
  7087 | D:5      | Reached skill level 8 in Spellcasting
  7354 | D:5      | Reached skill level 1 in Shields
  7965 | D:6      | Slain by an ice beast

Skill      XL: |  1  2  3  4  5  6  7  8 |
---------------+-------------------------+-----
Stealth        | 3 4 5 |  5.5
Spellcasting   | 5 6 7 8 |  8.1
Air Magic      | 1 2 3 |  3.5
Dodging        | 3 4 |  4.7
Conjurations   | 2 3 4 |  4.0
Poison Magic   | 1 2 3 |  3.5
Hexes          | 1 2 3 |  3.4
Translocations | 2 |  2.2
Shields        | 1 |  1.2
Summonings     | 2 |  2.1

Action                   |  1- 3 |  4- 6 |  7- 9 || total
-------------------------+-------+-------+-------++-------
Melee: Unarmed           |     8 |       |       ||     8
       Dagger            |    17 |    26 |    22 ||    65
 Cast: Magic Dart        |    99 |   258 |   187 ||   544
       Repel Missiles    |     1 |       |       ||     1
       Mephitic Cloud    |       |     9 |     5 ||    14
       Call Imp          |       |     5 |    11 ||    16
       Slow              |       |       |     5 ||     5
       Blink             |       |       |     2 ||     2
       Conjure Flame     |       |       |     2 ||     2
  Use: Scroll            |       |    13 |     3 ||    16
 Stab: Sleeping          |     2 |     6 |       ||     8
       Distracted        |       |     1 |       ||     1
       Confused          |       |     1 |       ||     1
  Eat: Chunk             |     2 |    11 |     2 ||    15
       Meat ration       |       |       |     1 ||     1
Armor: Robe              |     7 |    11 |     7 ||    25
Dodge: Dodged            |    46 |    64 |    67 ||   177
       Deflected         |     1 |     1 |     2 ||     4
